 Dungeon Crawl Stone Soup version 0.31-a0-1178-gc5c9b8f871 (webtiles) character file.

Game seed: 10912841584363791285

35 qw the Shooter (level 3, 0/21 HPs)
             Began as a Gargoyle Hunter on Dec 11, 2023.
             Slain by a goblin
             ... wielding a +0 dagger
             ... led by Robin
              (3 damage)
             ... on level 2 of the Dungeon.
             The game lasted 00:00:21 (810 turns).

qw the Shooter (Gargoyle Hunter)                     Turns: 810, Time: 00:00:22

Health: 0/21       AC:  8    Str: 14    XL:     3   Next: 33%
Magic:  3/3        EV: 10    Int:  9    God:
Gold:   116        SH:  0    Dex: 15    Spells: 2/2 levels left

rFire   . . .        a - +0 shortbow
rCold   . . .        (shield currently unavailable)
rNeg    + . .        g - +0 ring mail
rPois   inf          (no helmet)
rElec   +            (no cloak)
rCorr   .            (no gloves)
SInv    .            (no boots)
Will    .....        (no amulet)
Stlth   +            (no ring)
HPRegen 0.23/turn    (no ring)
MPRegen 0.08/turn

%: no passive effects
@: no status effects
A: sickness immunity, AC +3, negative energy resistance 1, electricity
resistance, torment resistance 1, petrification resistance
a: no special abilities


You were on level 2 of the Dungeon.
You visited 1 branch of the dungeon, and saw 2 of its levels.

You collected 116 gold pieces.


Innate Abilities, Weirdness & Mutations

You are immune to sickness and miasma.
Your stone body is resilient. (AC +3)
You are immune to poison.
You resist negative energy. (rN+)
You are resistant to electric shocks. (rElec)
You are resistant to unholy torment.
You are immune to petrification.


   Skills:
 - Level 2.1 Fighting
 + Level 4.9 Ranged Weapons
 - Level 1.0 Armour
 - Level 1.5 Dodging
 - Level 1.1 Stealth


You had 2 spell levels left.
You didn't know any spells.
Your spell library was empty.

Inventory:

Hand Weapons
 a - a +0 shortbow (weapon)
Armour
 b - a scarf of shadows
 g - a +0 ring mail (worn)
Jewellery
 c - a +4 ring of protection

Dungeon Overview and Level Annotations

Branches:
Dungeon (2/15)

Altars:

Annotations:
D:2 Robin


Message History

The goblins go into a battle-frenzy!
The hobgoblin hits you.
Robin says, "We wiped out the hill dwarves - you're next!"
Robin hits you but does no damage. The goblin hits you with a +0 dagger.
You shoot an arrow. The arrow hits the hobgoblin.
The hobgoblin is severely wounded.
The goblin hits you with a +0 dagger. The hobgoblin misses you.
Robin misses you.
You shoot an arrow. The arrow hits the hobgoblin.
You kill the hobgoblin!
The goblin hits you but does no damage. Robin hits you but does no damage.
You shoot an arrow. The arrow completely misses the goblin.
The goblin hits you but does no damage. The goblin closely misses you.
Robin hits you but does no damage. The goblin barely misses you. x2
Robin barely misses you.
You shoot an arrow. The arrow hits the goblin.
The goblin is heavily wounded.
Robin hits you but does no damage. The goblin hits you but does no damage.
The goblin hits you with a +0 club.
You shoot an arrow. The arrow hits the goblin.
You kill the goblin!
The goblin hits you with a +0 dagger.
Robin hits you from afar with a +0 spear.
You shoot an arrow. The arrow barely misses the hobgoblin.
The goblin closely misses you. The hobgoblin hits you. Robin barely misses you.
You shoot an arrow. The arrow hits the hobgoblin.
You kill the hobgoblin!
You hear an angry hiss.
The goblin hits you but does no damage.
Robin roars a battlecry!
The goblins go into a battle-frenzy!
You shoot an arrow. The arrow hits the hobgoblin.
You kill the hobgoblin!
An adder comes into view.
The goblin barely misses you.
Robin hits you from afar with a +0 spear.
The goblin hits you with a +0 dagger. x2; Robin completely misses you.
You shoot an arrow. The arrow closely misses the goblin.
The goblin closely misses you. The goblin hits you with a +0 dagger.
You die...

##+#### .....
.#####gS.
....gggg# #..
#@#### #.### #+# .
#.##.# ....# #.##
....##g#..###.#.#
..<#
....>........#.#.#
##.#
...######..#.#.#.#
##.# #..#.#.#.#.#
##.# #..#.......#
##.# .#
#..#.#.#.###
##.####.#
#..#.#.#.#


You could see Robin, an adder, 2 hobgoblins and 3 goblins.

Vanquished Creatures
  A dart slug (D:1)
  2 bats
  3 endoplasms
  5 goblins
  9 hobgoblins
  2 jackals (D:1)
  A kobold (D:1)
  A quokka (D:1)
  A frilled lizard (D:1)
25 creatures vanquished.

Notes
Turn   | Place    | Note
-------+----------+-------------------------------------------
     0 | D:1      | qw the Gargoyle Hunter began the quest for the Orb.
     0 | D:1      | Reached XP level 1. HP: 12/12 MP: 1/1
     0 | D:1      | 0 ||| qw: Version: 0.3-a-106-g2cfff9e
     0 | D:1      | 0 ||| qw: Game counter: 1996
     0 | D:1      | 0 ||| qw: Melee chars always use a shield: true
     0 | D:1      | 0 ||| qw: God list: Okawaru
     0 | D:1      | 0 ||| qw: Allow faded altars: false
     0 | D:1      | 0 ||| qw: Do Orc after clearing Dungeon:15 true
     0 | D:1      | 0 ||| qw: Do second Lair branch before Depths: true
     0 | D:1      | 0 ||| qw: Lair rune preference: random
     0 | D:1      | 0 ||| qw: Goals: Normal, Save, Zot:1-4, Win
     0 | D:1      | 0 ||| PLANNING D:1-11
    86 | D:1      | Reached XP level 2. HP: 16/17 MP: 2/2
   656 | D:1      | 656 ||| UPGRADING to +0 ring mail.
   666 | D:1      | 666 ||| DROPPING +0 leather armour.
   667 | D:1      | 667 ||| READING scroll labelled FUNONU DAECK.
   667 | D:1      | 667 ||| IDENTIFYING bubbling silvery potion
   668 | D:1      | 668 ||| READING scroll labelled ULIADGH UTOECA.
   669 | D:1      | 669 ||| READING 3 scrolls labelled CIZXIZ ROQOCRU.
   670 | D:1      | 670 ||| READING scroll labelled HENNILU WOIMN.
   671 | D:1      | 671 ||| READING scroll labelled LIRANL XENTUW.
   674 | D:1      | 674 ||| READING scroll labelled ROEDWU TYKKEA.
   675 | D:1      | 675 ||| DROPPING scroll of butterflies.
   676 | D:1      | 676 ||| DROPPING potion of lignification.
   677 | D:1      | 677 ||| DROPPING 2 scrolls of fear.
   752 | D:2      | Reached XP level 3. HP: 21/21 MP: 3/3
   791 | D:2      | Noticed Robin
   796 | D:2      | Reached skill level 1 in Armour
   809 | D:2      | HP: 3/21 [goblin/+0 dagger[Robin] (4)]
   810 | D:2      | Slain by a goblin

Levels and vault maps discovered:
D:1:      dpeg_arrival_tiny_g, layout_basic, hangedman_decor_slide_cut
D:2:      minmay_inner_zag, layout_basic, uniq_robin

Skill      XL: |  1  2  3 |
---------------+----------+-----
Armour         | 1 |  1.0
Fighting       | |  2.1
Ranged Weapons | |  4.9
Dodging        | |  1.5
Stealth        | |  1.1

Action                     || total
---------------------------++-------
   Fire: Shortbow          ||    81
    Use: Scroll            ||     6
 Armour: Leather armour    ||    14
         Ring mail         ||    25
  Dodge: Dodged            ||    35

Table legend:
 A = Non-vault XP
 B = Vault XP
 C = Vault XP percentage of total XP
 D = Non-vault monster count
 E = Vault monster count
 F = Vault count percentage of total count
                 A         B        C        D         E       F
            +---------+---------+-------+---------+---------+-------
      Total |      36 |      14 |  28.0 |      18 |       7 |  28.0
            +---------+---------+-------+---------+---------+-------
        D:1 |      29 |       0 |   0.0 |      14 |       0 |   0.0
        D:2 |       7 |      14 |  66.7 |       4 |       7 |  63.6
            +---------+---------+-------+---------+---------+-------
